AoeStats
← demirler_07

Fortress

510765273Analyzed
1v1 RM · 1d ago on Oct 2, 2026· 37m 32s· 2 players
Game mode
Random Map
Map size
Small (3 player)
Population
200
Speed
Normal
Resources
Standard
Victory
Conquest
Starting age
Dark Age
Ending age
Imperial Age
RankedLock teamsTeams togetherTeam positionsShared explorationLock speedFull tech treeHidden civsTurbo modeCheats
Victory
Defeat
🇪🇪 Vikings · Estonia
1115
+14
🇹🇷 Tatars · Türkiye
1075
-14
jaanusv6rno
7:25 Feudal Age
8:11 Double-Bit Axe
8:08 Horse Collar
12:17 Castle Age
11:14 Scale Mail Armor
13:44 Bow Saw
14:07 Heavy Plow
16:26 Loom
17:05 Forging
20:39 Chain Mail Armor
21:09 Squires
20:55 Arson
21:48 Iron Casting
22:16 Gold Mining
25:22 Imperial Age
25:31 Chieftains
26:39 Plate Mail Armor
27:39 Two-Man Saw
26:43 Capped Ram
27:12 Elite Varangian Guard
29:11 Blast Furnace
30:07 Fletching
30:50 Conscription
31:00 Siege Ram
33:56 Bodkin Arrow
34:26 Ballistics
35:06 Chemistry
34:03 Murder Holes
demirler_07
0:28 Loom
7:42 Feudal Age
8:12 Double-Bit Axe
8:58 Horse Collar
12:19 Castle Age
10:15 Horse Collar
12:40 Wheelbarrow
13:39 Bow Saw
14:58 Hand Cart
14:55 Gold Mining
16:41 Stone Mining
19:47 Heavy Plow
26:17 Imperial Age
25:09 Elite Skirmisher
26:11 Scale Barding Armor
25:57 Fletching
26:48 Ballistics
26:33 Padded Archer Armor
26:33 Bodkin Arrow
28:08 Conscription
27:13 Elite Keshik
28:20 Forging
29:24 Crop Rotation
30:28 Chain Barding Armor
30:25 Bracer
32:38 Plate Barding Armor
32:40 Iron Casting
33:17 Leather Archer Armor
33:42 Timurid Siegecraft
34:36 Blast Furnace
34:55 Ring Archer Armor
Connection lost

Rejoining the realm…

Still unreachable

The connection could not be restored.

Session expired

The server has moved on; the page needs a fresh start.